 Dungeon Crawl Stone Soup version 0.23.2-40-g277498a001 (webtiles) character file.

Game seed: 14284898162869138697

16 dawcakrwi the Vexing (level 2, -1/11 HPs)
             Began as a Felid Enchanter on Oct 14, 2019.
             Slain by a leopard gecko (5 damage)
             ... on level 1 of the Dungeon.
             The game lasted 00:01:15 (691 turns).

dawcakrwi the Vexing (Felid Enchanter)               Turns: 691, Time: 00:01:16

Health: -1/11      AC:  1    Str:  4    XL:     2   Next: 41%
Magic:  3/6        EV: 18    Int: 16    God:
Gold:   58         SH:  0    Dex: 16    Spells: 2/5 levels left
                                        Lives:  0   Deaths: 0

rFire    . . .     SeeInvis +     - Unarmed
rCold    . . .     Gourm    .   (shield unavailable)
rNeg     . . .     Faith    .   (armour unavailable)
rPois    .         Spirit   .   (helmet unavailable)
rElec    .         Reflect  .   (cloak unavailable)
rCorr    .         Harm     .   (gloves unavailable)
MR       .....                  (boots unavailable)
Stlth    +++.......             (no amulet)
HPRegen  0.03/turn              (no ring)
MPRegen  0.10/turn              (no ring)

@: very slightly contaminated, quick
A: very small, no armour, no weapons or thrown items, stealth, claws 1, fangs 3,
see invisible, carnivore, speed 1, shaggy fur 1, slow metabolism 1, sharp paws
a: no special abilities


You were on level 1 of the Dungeon.
You were very full.

You visited 1 branch of the dungeon, and saw 1 of its levels.

You collected 58 gold pieces.

Inventory:

Scrolls
 c - 2 scrolls of remove curse {unknown}
 e - a scroll of amnesia {unknown}
 f - 3 scrolls of fear {unknown}
 g - a scroll of magic mapping {unknown}
 h - a scroll of noise {unknown}
Potions
 a - a potion of haste {unknown}
 d - 2 potions of resistance {unknown}
Comestibles
 b - 3 rations


   Skills:
 + Level 2.7 Dodging
 + Level 4.3 Stealth
 + Level 1.3 Unarmed Combat
 + Level 2.1 Spellcasting
 + Level 5.0 Hexes


You had 2 spell levels left.
You knew the following spells:

 Your Spells              Type           Power        Failure   Level  Hunger
a - Corona                Hex            ###....      2%          1    #......
b - Ensorcelled Hibernat  Hex/Ice        #.....       11%         2    ###....

Your spell library contained the following spells:

 Spells                   Type           Power        Failure   Level  Hunger
 Confuse                  Hex            ###.....     8%          3    ###....
 Tukima's Dance           Hex            ###.....     8%          3    ###....
 Dazzling Spray           Conj/Hex       #.....       22%         3    ###....


Dungeon Overview and Level Annotations

Branches:
Dungeon (1/15)

Altars:


Innate Abilities, Weirdness & Mutations

You cannot wear armour.
You are incapable of wielding weapons or throwing items.
Your paws allow you to move quietly. (Stealth)
You have sharp claws.
You have razor-sharp teeth.
You have supernaturally acute eyesight. (SInv)
You are carnivorous and can eat meat at any time.
You cover ground quickly.
You are covered in fur. (AC +1)
You have a slow metabolism.
Your sharp claws are effective at attacking unaware monsters.


Message History

You bite the leopard gecko.
The leopard gecko is moderately wounded.
The leopard gecko misses you.
You scratch the leopard gecko but do no damage.
The leopard gecko is moderately wounded.
The leopard gecko misses you.
You barely miss the leopard gecko.
The leopard gecko is moderately wounded.
The leopard gecko bites you.
The leopard gecko completely misses you.
You scratch the leopard gecko. Your bite misses the leopard gecko.
The leopard gecko is severely wounded.
The leopard gecko closely misses you.
You barely miss the leopard gecko.
The leopard gecko is severely wounded.
The leopard gecko closely misses you.
You miss the leopard gecko. Your bite misses the leopard gecko.
The leopard gecko is severely wounded.
The leopard gecko bites you.
You die...

####### #.....#
#####.....##### ##
..........l@..# #.
##.###>....###.# #.
##...##.....# #.# #.
#.....####### #.# #.
#....# #.# #. ##....#
#.# ######.
##.♣P..##########.##
#......
#..♣♣P.##..........#
#.####.
##.P♣♣♣.##..######..#
#.# ##.


You could see a leopard gecko.

Vanquished Creatures
  A leopard gecko (D:1)
  3 bats (D:1)
  A goblin (D:1)
  2 hobgoblins (D:1)
  4 kobolds (D:1)
  2 frilled lizards (D:1)
  2 rats (D:1)
15 creatures vanquished.

Notes
Turn   | Place    | Note
-------+----------+-------------------------------------------
     0 | D:1      | dawcakrwi the Felid Enchanter began the quest for the Orb.
     0 | D:1      | Reached XP level 1. HP: 7/7 MP: 4/4
   272 | D:1      | Reached skill level 5 in Hexes
   272 | D:1      | Reached XP level 2. HP: 11/11 MP: 6/6
   279 | D:1      | Learned a level 2 spell: Ensorcelled Hibernation
   691 | D:1      | Slain by a leopard gecko

Skill      XL: |  1 |
---------------+----+-----
Hexes          | 5 |  5.0
Dodging        | |  2.7
Stealth        | |  4.3
Unarmed Combat | |  1.3
Spellcasting   | |  2.1

Action                   || total
-------------------------++-------
Melee: Unarmed           ||    54
       Bite              ||     4
 Cast: Ensorcelled Hiber ||     1
 Stab: Sleeping          ||     4
  Eat: Chunk             ||     5
Armor: Skin              ||     3
Dodge: Dodged            ||    45
